[ AOE2 MATCH · #462869261 ]
Team RMBurgundians vs Britons
[ REPLAY ANALYSIS · EXTRACTED FROM THE RECORDED GAME ]
Feudal
11:02
Castle
19:56
Imperial
—
| APM avg | 37.9 |
| APM peak | 63 |
| eAPM avg | 9.7 |
| Villagers / military | 36 / 5 |
Focus
⚔️ 16.8% · 🌾 83.2%
Scout Cavalry ×5
Feudal
10:28
Castle
16:35
Imperial
—
| APM avg | 26.7 |
| APM peak | 80 |
| eAPM avg | 13.7 |
| Villagers / military | 66 / 7 |
Focus
⚔️ 13.0% · 🌾 87.0%
Archer ×7
Feudal
9:52
Castle
16:18
Imperial
—
| APM avg | 25.6 |
| APM peak | 71 |
| eAPM avg | 8.6 |
| Villagers / military | 37 / 7 |
Focus
⚔️ 13.2% · 🌾 86.8%
Janissary ×5 · Monk ×2 · Trade Cart ×1
Feudal
11:00
Castle
15:52
Imperial
—
| APM avg | 29.0 |
| APM peak | 79 |
| eAPM avg | 12.6 |
| Villagers / military | 56 / 9 |
Focus
⚔️ 30.0% · 🌾 70.0%
Knight ×8 · Camel Scout ×1
Match map
Initial resources + every placement click. Lines = walls · curves = elevation contours. ◆ gold · ⬟ stone · ● berries · ✦ relic · ◌ wall gap
Your base· Open — 8t gap
喬尼娜碧樣's base· Open — unwalled flank
Tomito's base· Open — unwalled flank
維他命C's base· Open — 12t gap
Smoothed initial terrain · ◌ = detected wall gap · hover for details
Inputs per minute
— Shankzera - - 喬尼娜碧樣
Build order — Shankzera
90 actions detected in the replay
| 0:05 | Build | House |
| 0:07 | Build | House |
| 0:10 | Create | Villager (Male) |
| 0:10 | Create | Villager (Male) |
| 0:10 | Create | Villager (Male) |
| 0:11 | Create | Villager (Male) |
| 1:34 | Create | Villager (Male) |
| 2:04 | Create | Villager (Male) |
| 2:21 | Build | Lumber Camp |
| 2:26 | Research | Loom |
| 2:31 | Build | House |
| 2:37 | Build | House |
| 2:56 | Create | Villager (Male) |
| 3:12 | Create | Villager (Male) |
| 3:41 | Create | Villager (Male) |
| 4:29 | Create | Villager (Male) |
| 5:05 | Build | House |
| 5:48 | Build | Mill |
| 5:49 | Create | Villager (Male) |
| 5:50 | Create | Villager (Male) |
| 5:50 | Create | Villager (Male) |
| 6:40 | Create | Villager (Male) |
| 7:11 | Create | Villager (Male) |
| 7:41 | Create | Villager (Male) |
| 8:14 | Create | Villager (Male) |
| 8:53 | Research | Feudal Age |
| 9:09 | Build | House |
| 10:16 | Build | House |
| 10:46 | Research | Double-Bit Axe |
| 10:50 | Research | Horse Collar |
| 11:00 | Build | House |
| 11:02 | Age | Feudal Age |
| 11:03 | Build | Palisade Wall |
| 11:14 | Build | House |
| 11:16 | Build | Palisade Wall |
| 11:25 | Create | Villager (Male) |
| 11:27 | Create | Villager (Male) |
| 11:38 | Build | Barracks |
| 11:59 | Build | Mining Camp |
| 12:01 | Create | Villager (Male) |
| 12:07 | Research | Bow Saw |
| 12:35 | Create | Villager (Male) |
| 12:37 | Create | Villager (Male) |
| 12:41 | Research | Heavy Plow |
| 13:04 | Create | Villager (Male) |
| 13:09 | Create | Villager (Male) |
| 13:19 | Research | Town Watch |
| 13:36 | Create | Villager (Male) |
| 13:41 | Build | Lumber Camp |
| 13:58 | Build | Farm |
| 13:58 | Build | Farm |
| 14:01 | Build | Farm |
| 14:11 | Build | House |
| 14:15 | Build | House |
| 14:30 | Build | Farm |
| 14:31 | Build | Farm |
| 15:03 | Build | Stable |
| 15:24 | Build | Farm |
| 15:24 | Build | Farm |
| 15:25 | Build | Farm |
| 15:31 | Research | Town Watch |
| 16:16 | Create | Villager (Male) |
| 16:23 | Build | Blacksmith |
| 16:33 | Build | Market |
| 16:36 | Create | Villager (Male) |
| 17:16 | Research | Castle Age |
| 17:17 | Research | Castle Age |
| 17:58 | Create | Scout Cavalry |
| 17:58 | Create | Scout Cavalry |
| 18:17 | Build | Farm |
| 18:17 | Build | Farm |
| 18:24 | Research | Forging |
| 18:47 | Create | Villager (Male) |
| 18:53 | Build | Mining Camp |
| 19:13 | Create | Scout Cavalry |
| 19:38 | Create | Villager (Male) |
| 19:50 | Create | Villager (Male) |
| 19:51 | Create | Villager (Male) |
| 19:56 | Age | Castle Age |
| 20:07 | Build | Town Center |
| 20:17 | Create | Villager (Male) |
| 20:26 | Research | Light Cavalry (upgrade) |
| 20:52 | Create | Scout Cavalry |
| 20:52 | Create | Scout Cavalry |
| 21:07 | Research | Iron Casting |
| 22:11 | Create | Villager (Male) |
| 22:11 | Create | Villager (Male) |
| 22:22 | Build | Town Center |
| 22:24 | Create | Villager (Male) |
| 22:24 | Create | Villager (Male) |
Build order — 喬尼娜碧樣
127 actions detected in the replay
| 0:02 | Create | Villager (Male) |
| 0:02 | Create | Villager (Male) |
| 0:02 | Create | Villager (Male) |
| 0:04 | Build | House |
| 0:07 | Build | House |
| 0:44 | Create | Villager (Male) |
| 1:24 | Create | Villager (Male) |
| 1:24 | Create | Villager (Male) |
| 1:44 | Create | Villager (Male) |
| 1:44 | Create | Villager (Male) |
| 2:17 | Create | Villager (Male) |
| 2:17 | Create | Villager (Male) |
| 2:18 | Create | Villager (Male) |
| 2:51 | Create | Villager (Male) |
| 2:51 | Create | Villager (Male) |
| 3:09 | Create | Villager (Male) |
| 3:39 | Build | Lumber Camp |
| 4:22 | Create | Villager (Male) |
| 4:22 | Create | Villager (Male) |
| 4:23 | Create | Villager (Male) |
| 4:29 | Build | House |
| 4:35 | Build | House |
| 4:43 | Create | Villager (Male) |
| 4:43 | Create | Villager (Male) |
| 4:51 | Research | Loom |
| 4:53 | Create | Villager (Male) |
| 5:10 | Create | Villager (Male) |
| 5:10 | Create | Villager (Male) |
| 5:26 | Build | Palisade Wall |
| 5:30 | Build | Palisade Wall |
| 5:47 | Create | Villager (Male) |
| 5:47 | Create | Villager (Male) |
| 5:48 | Create | Villager (Male) |
| 6:07 | Create | Villager (Male) |
| 6:07 | Create | Villager (Male) |
| 6:14 | Build | House |
| 6:47 | Build | Mill |
| 7:55 | Build | House |
| 8:18 | Research | Feudal Age |
| 8:37 | Build | Farm |
| 9:17 | Build | Mining Camp |
| 10:08 | Build | Farm |
| 10:11 | Build | Farm |
| 10:16 | Build | Farm |
| 10:28 | Age | Feudal Age |
| 10:52 | Create | Villager (Male) |
| 11:03 | Build | Blacksmith |
| 11:35 | Create | Villager (Male) |
| 11:46 | Create | Villager (Male) |
| 11:49 | Research | Horse Collar |
| 11:51 | Research | Double-Bit Axe |
| 12:25 | Create | Villager (Male) |
| 12:37 | Build | Market |
| 12:59 | Build | House |
| 13:15 | Create | Villager (Male) |
| 13:25 | Create | Villager (Male) |
| 13:55 | Research | Castle Age |
| 13:55 | Research | Castle Age |
| 14:28 | Build | Farm |
| 14:31 | Build | Farm |
| 14:36 | Build | Farm |
| 14:38 | Build | Farm |
| 14:52 | Build | Farm |
| 16:35 | Age | Castle Age |
| 16:38 | Build | Town Center |
| 16:42 | Create | Villager (Male) |
| 16:42 | Create | Villager (Male) |
| 16:42 | Create | Villager (Male) |
| 16:47 | Build | Farm |
| 17:03 | Build | Town Center |
| 17:07 | Create | Villager (Male) |
| 17:07 | Create | Villager (Male) |
| 17:13 | Create | Villager (Male) |
| 17:13 | Create | Villager (Male) |
| 17:35 | Build | Farm |
| 18:01 | Research | Wheelbarrow |
| 18:25 | Build | Barracks |
| 18:30 | Create | Villager (Male) |
| 18:30 | Create | Villager (Male) |
| 18:46 | Create | Villager (Male) |
| 18:46 | Create | Villager (Male) |
| 18:49 | Build | House |
| 18:52 | Create | Villager (Male) |
| 18:54 | Create | Villager (Male) |
| 19:02 | Create | Villager (Male) |
| 19:02 | Create | Villager (Male) |
| 19:03 | Create | Villager (Male) |
| 19:03 | Create | Villager (Male) |
| 19:04 | Create | Villager (Male) |
| 19:20 | Build | Farm |
| 19:21 | Build | Farm |
| 19:28 | Build | Lumber Camp |
| 19:32 | Build | Farm |
| 19:47 | Build | Archery Range |
| 19:53 | Create | Villager (Male) |
| 19:53 | Create | Villager (Male) |
| 19:54 | Create | Villager (Male) |
| 19:54 | Create | Villager (Male) |
| 19:58 | Build | Farm |
| 20:10 | Build | Farm |
| 20:11 | Create | Villager (Male) |
| 20:41 | Build | House |
| 20:45 | Create | Villager (Male) |
| 20:45 | Create | Villager (Male) |
| 20:48 | Create | Archer |
| 20:49 | Create | Archer |
| 20:49 | Create | Archer |
| 20:49 | Create | Archer |
| 20:50 | Create | Archer |
| 20:50 | Create | Archer |
| 20:50 | Create | Archer |
| 20:53 | Create | Villager (Male) |
| 20:53 | Create | Villager (Male) |
| 20:54 | Create | Villager (Male) |
| 20:54 | Create | Villager (Male) |
| 20:56 | Create | Villager (Male) |
| 20:56 | Create | Villager (Male) |
| 21:02 | Build | Farm |
| 21:10 | Build | House |
| 21:21 | Build | Farm |
| 21:35 | Research | Padded Archer Armor |
| 21:41 | Create | Villager (Male) |
| 21:41 | Create | Villager (Male) |
| 21:45 | Build | House |
| 22:40 | Build | Farm |
| 22:44 | Build | Farm |
| 22:49 | Build | Farm |
Build order — Tomito
86 actions detected in the replay
| 0:03 | Build | House |
| 0:04 | Build | House |
| 0:05 | Create | Villager (Male) |
| 0:05 | Create | Villager (Male) |
| 0:05 | Create | Villager (Male) |
| 0:06 | Create | Villager (Male) |
| 0:06 | Create | Villager (Male) |
| 1:36 | Research | Loom |
| 1:37 | Create | Villager (Male) |
| 2:21 | Create | Villager (Male) |
| 2:58 | Create | Villager (Male) |
| 3:23 | Create | Villager (Male) |
| 3:38 | Create | Villager (Male) |
| 4:10 | Create | Villager (Male) |
| 4:19 | Build | House |
| 4:25 | Build | Mill |
| 4:29 | Create | Villager (Male) |
| 4:44 | Create | Villager (Male) |
| 5:11 | Create | Villager (Male) |
| 5:12 | Create | Villager (Male) |
| 5:49 | Create | Villager (Male) |
| 6:26 | Build | Lumber Camp |
| 6:29 | Create | Villager (Male) |
| 6:33 | Build | House |
| 6:59 | Create | Villager (Male) |
| 7:39 | Build | Mining Camp |
| 7:42 | Research | Feudal Age |
| 9:21 | Create | Villager (Male) |
| 9:22 | Create | Villager (Male) |
| 9:52 | Age | Feudal Age |
| 10:12 | Create | Villager (Male) |
| 10:18 | Research | Double-Bit Axe |
| 10:25 | Build | House |
| 11:05 | Build | Blacksmith |
| 11:10 | Build | Market |
| 11:16 | Create | Villager (Male) |
| 11:31 | Build | Mining Camp |
| 11:45 | Create | Villager (Male) |
| 12:11 | Create | Villager (Male) |
| 12:31 | Create | Villager (Male) |
| 12:57 | Create | Trade Cart |
| 13:03 | Create | Villager (Male) |
| 13:14 | Research | Gold Mining |
| 13:38 | Research | Castle Age |
| 14:04 | Build | Farm |
| 14:05 | Build | Farm |
| 14:12 | Build | Farm |
| 14:19 | Build | Farm |
| 14:33 | Build | Farm |
| 14:59 | Create | Villager (Male) |
| 15:06 | Build | Farm |
| 15:11 | Build | House |
| 15:31 | Build | Farm |
| 15:39 | Build | Farm |
| 15:44 | Build | Farm |
| 15:48 | Create | Villager (Male) |
| 15:49 | Create | Villager (Male) |
| 15:58 | Build | Farm |
| 16:03 | Build | Farm |
| 16:07 | Build | Farm |
| 16:09 | Create | Villager (Male) |
| 16:18 | Age | Castle Age |
| 16:26 | Research | Horse Collar |
| 16:51 | Research | Wheelbarrow |
| 17:07 | Create | Villager (Male) |
| 17:09 | Create | Villager (Male) |
| 17:19 | Research | Gold Shaft Mining |
| 17:48 | Research | Bow Saw |
| 18:12 | Build | Castle |
| 18:39 | Create | Villager (Male) |
| 19:00 | Build | Monastery |
| 19:04 | Create | Villager (Male) |
| 19:30 | Create | Janissary |
| 19:31 | Create | Janissary |
| 19:31 | Create | Janissary |
| 19:31 | Create | Janissary |
| 19:41 | Create | Monk |
| 19:44 | Research | Fervor |
| 19:45 | Create | Monk |
| 20:01 | Create | Villager (Male) |
| 20:11 | Build | Farm |
| 20:12 | Build | Farm |
| 20:29 | Build | Town Center |
| 20:42 | Create | Janissary |
| 20:44 | Create | Villager (Male) |
| 20:45 | Create | Villager (Male) |
Build order — 維他命C
131 actions detected in the replay
| 0:00 | Create | Villager (Male) |
| 0:00 | Create | Villager (Male) |
| 0:01 | Create | Villager (Male) |
| 0:01 | Create | Villager (Male) |
| 0:03 | Build | House |
| 0:04 | Build | House |
| 0:47 | Create | Villager (Male) |
| 0:47 | Create | Villager (Male) |
| 1:38 | Create | Villager (Male) |
| 1:38 | Create | Villager (Male) |
| 1:54 | Create | Villager (Male) |
| 1:55 | Create | Villager (Male) |
| 2:44 | Create | Villager (Male) |
| 2:45 | Create | Villager (Male) |
| 3:30 | Create | Villager (Male) |
| 3:30 | Create | Villager (Male) |
| 3:47 | Build | House |
| 3:57 | Create | Villager (Male) |
| 3:57 | Create | Villager (Male) |
| 4:14 | Create | Villager (Male) |
| 4:15 | Create | Villager (Male) |
| 4:15 | Create | Villager (Male) |
| 4:37 | Create | Villager (Male) |
| 4:37 | Create | Villager (Male) |
| 4:50 | Create | Villager (Male) |
| 4:50 | Create | Villager (Male) |
| 5:06 | Build | Lumber Camp |
| 5:11 | Create | Villager (Male) |
| 5:27 | Build | House |
| 7:09 | Create | Villager (Male) |
| 7:35 | Build | Mill |
| 7:44 | Create | Villager (Male) |
| 7:46 | Create | Villager (Male) |
| 8:32 | Research | Loom |
| 8:33 | Research | Feudal Age |
| 8:37 | Build | Mining Camp |
| 9:21 | Build | Palisade Wall |
| 9:30 | Build | Palisade Wall |
| 9:36 | Create | Villager (Male) |
| 9:36 | Create | Villager (Male) |
| 11:00 | Age | Feudal Age |
| 11:04 | Build | Market |
| 11:10 | Research | Wheelbarrow |
| 11:21 | Build | House |
| 11:44 | Build | Palisade Wall |
| 11:54 | Create | Villager (Male) |
| 11:57 | Research | Double-Bit Axe |
| 12:33 | Create | Villager (Male) |
| 12:42 | Build | Blacksmith |
| 12:53 | Create | Villager (Male) |
| 13:01 | Build | Palisade Wall |
| 13:04 | Build | Palisade Wall |
| 13:13 | Build | House |
| 13:21 | Research | Castle Age |
| 13:40 | Build | Farm |
| 13:41 | Research | Horse Collar |
| 13:47 | Create | Villager (Male) |
| 13:47 | Create | Villager (Male) |
| 13:57 | Build | Farm |
| 14:12 | Build | Farm |
| 14:17 | Build | Palisade Wall |
| 14:19 | Build | Palisade Wall |
| 14:19 | Build | Palisade Wall |
| 14:55 | Build | Barracks |
| 15:18 | Build | Farm |
| 15:23 | Build | Farm |
| 15:29 | Build | Farm |
| 15:41 | Build | Stable |
| 15:52 | Age | Castle Age |
| 16:06 | Create | Villager (Male) |
| 16:21 | Build | Stable |
| 16:30 | Build | Farm |
| 16:41 | Research | Bloodlines |
| 16:46 | Build | Farm |
| 17:02 | Build | Farm |
| 17:08 | Create | Villager (Male) |
| 17:14 | Build | House |
| 17:16 | Build | House |
| 17:18 | Build | House |
| 17:29 | Create | Villager (Male) |
| 17:34 | Build | Farm |
| 17:40 | Create | Knight |
| 17:59 | Build | Farm |
| 18:01 | Build | Farm |
| 18:07 | Build | Farm |
| 18:11 | Build | Farm |
| 18:12 | Create | Villager (Male) |
| 18:13 | Create | Villager (Male) |
| 18:17 | Create | Knight |
| 18:35 | Create | Knight |
| 18:41 | Build | Farm |
| 18:44 | Create | Villager (Male) |
| 18:56 | Build | House |
| 18:59 | Build | House |
| 19:15 | Create | Villager (Male) |
| 19:15 | Create | Villager (Male) |
| 19:17 | Create | Knight |
| 19:20 | Build | Farm |
| 19:29 | Build | Town Center |
| 19:34 | Build | Palisade Wall |
| 19:38 | Create | Knight |
| 19:40 | Create | Villager (Male) |
| 20:01 | Create | Villager (Male) |
| 20:06 | Create | Knight |
| 20:10 | Build | Farm |
| 20:11 | Build | Farm |
| 20:21 | Create | Knight |
| 20:30 | Research | Scale Barding Armor |
| 20:35 | Build | Palisade Wall |
| 20:41 | Create | Villager (Male) |
| 20:42 | Build | Farm |
| 20:52 | Build | Farm |
| 21:01 | Research | Heavy Plow |
| 21:13 | Create | Villager (Male) |
| 21:23 | Build | Farm |
| 21:37 | Create | Villager (Male) |
| 21:37 | Create | Villager (Male) |
| 21:38 | Create | Villager (Male) |
| 21:38 | Create | Villager (Male) |
| 21:48 | Research | Bow Saw |
| 22:05 | Create | Knight |
| 22:08 | Create | Camel Scout |
| 22:25 | Create | Villager (Male) |
| 22:26 | Create | Villager (Male) |
| 22:36 | Research | Husbandry |
| 22:41 | Build | Farm |
| 22:44 | Build | Farm |
| 22:59 | Create | Villager (Male) |
| 23:00 | Create | Villager (Male) |
| 23:02 | Create | Villager (Male) |
| 23:02 | Create | Villager (Male) |
Match timeline
| 5:26 | 喬尼娜碧樣 · wall_segment Palisade Wall x6 |
| 5:30 | 喬尼娜碧樣 · wall_segment Palisade Wall x7 |
| 9:21 | 維他命C · wall_segment Palisade Wall x4 |
| 9:30 | 維他命C · wall_segment Palisade Wall x6 |
| 9:52 | Tomito · age_up feudal |
| 10:28 | 喬尼娜碧樣 · age_up feudal |
| 11:00 | 維他命C · age_up feudal |
| 11:02 | Shankzera · age_up feudal |
| 11:03 | Shankzera · wall_segment Palisade Wall x3 |
| 11:16 | Shankzera · wall_segment Palisade Wall x2 |
| 11:38 | Shankzera · first_building Barracks |
| 11:44 | 維他命C · wall_segment Palisade Wall x1 |
| 13:01 | 維他命C · wall_segment Palisade Wall x1 |
| 13:04 | 維他命C · wall_segment Palisade Wall x9 |
| 13:33 | Tomito · first_market_buy 100 food |
| 13:37 | Tomito · first_market_sell 100 wood |
| 14:17 | 維他命C · wall_segment Palisade Wall x1 |
| 14:19 | 維他命C · wall_segment Palisade Wall x1 |
| 14:19 | 維他命C · wall_segment Palisade Wall x1 |
| 14:55 | 維他命C · first_building Barracks |
| 15:03 | Shankzera · first_building Stable |
| 15:41 | 維他命C · first_building Stable |
| 15:52 | 維他命C · age_up castle |
| 16:18 | Tomito · age_up castle |
| 16:35 | 喬尼娜碧樣 · age_up castle |
| 18:12 | Tomito · first_building Castle |
| 18:25 | 喬尼娜碧樣 · first_building Barracks |
| 19:00 | Tomito · first_building Monastery |
| 19:34 | 維他命C · wall_segment Palisade Wall x1 |
| 19:47 | 喬尼娜碧樣 · first_building Archery Range |
| 19:56 | Shankzera · age_up castle |
| 20:35 | 維他命C · wall_segment Palisade Wall x1 |
| 22:12 | Tomito · resign |
[ AI ANALYSIS · 1 CREDIT ]
What really happened in this match?
Wolo.gg analyzes every decision: build order, eco, micro, common mistakes by bracket. Personalized analysis on WhatsApp or Discord in 30 seconds.
Civ guide
Burgundians
Map guide
Lombardia
Perfil
Jugador #5979596